 Dungeon Crawl Stone Soup version 0.30.1-11-g7821555f0a (webtiles) character file.

Game seed: 16557938693038798072

77 aaranaf the Conjurer (level 4, -14/24 HPs)
             Began as a Deep Elf Conjurer on Nov 7, 2023.
             Was an Initiate of Vehumet.
             Killed from afar by Ijyb (21 damage)
             ... with a bolt of light
             ... on level 3 of the Dungeon on Nov 8, 2023.
             The game lasted 00:16:20 (2713 turns).

aaranaf the Conjurer (Deep Elf Conjurer)            Turns: 2713, Time: 00:16:20

Health: -14/24     AC:  3    Str:  4    XL:     4   Next: 14%
Magic:  15/21      EV: 12    Int: 25    God:    Vehumet [......]
Gold:   159        SH:  0    Dex: 13    Spells: 4/11 levels left

rFire   . . .        f - +0 dagger (venom)
rCold   . . .        (no shield)
rNeg    . . .        a - +0 robe
rPois   .            (no helmet)
rElec   .            (no cloak)
rCorr   .            s - +0 pair of gloves
SInv    .            (no boots)
Will    .....        (no amulet)
Stlth   +            p - ring of magical power
HPRegen 0.24/turn    (no ring)
MPRegen 0.17/turn

%: no passive effects
@: confused
A: no striking features
a: Renounce Religion


You were on level 3 of the Dungeon.
You worshipped Vehumet.
Vehumet was noncommittal.
You visited 1 branch of the dungeon, and saw 3 of its levels.

You collected 159 gold pieces.

Inventory:

Hand Weapons
 f - a +0 dagger of venom (weapon)
 m - a +1 vampiric dagger
Armour
 a - a +0 robe (worn)
 s - a +0 pair of gloves (worn)
Magical Staves
 h - a staff of poison
Jewellery
 p - a ring of magical power (left hand)
Scrolls
 c - a scroll of enchant armour {unknown}
 e - a scroll of vulnerability {unknown}
 g - 3 scrolls of blinking {unknown}
 i - 3 scrolls of teleportation {unknown}
 k - a scroll of identify {unknown}
 l - a scroll of magic mapping {unknown}
 q - a scroll of amnesia {unknown}
 r - a scroll of immolation {unknown}
Potions
 b - a potion of magic
 d - a potion of ambrosia {unknown}
 j - 2 potions of attraction {unknown}
 n - a potion of berserk rage {unknown}
 o - a potion of heal wounds {unknown}


   Skills:
 - Level 3.0 Dodging
 - Level 3.0 Stealth
 * Level 4.4 Spellcasting
 * Level 5.2 Conjurations
 + Level 0.0 Translocations


You had 4 spell levels left.
You knew the following spells:

 Your Spells              Type           Power      Damage    Failure   Level
a - Magic Dart            Conj           100%       1d8       1%          1
b - Searing Ray           Conj           62%        2d6       1%          2
c - Iskenderun's Mystic   Conj/Tloc      18%        2d6       30%         4

Your spell library contained the following spells:

 Spells                   Type           Power      Damage    Failure   Level
 Dazzling Flash           Conj/Hex       36%        N/A       9%          3
 Fulminant Prism          Conj/Hex       9%         3d7       30%         4


Dungeon Overview and Level Annotations

Branches:
Dungeon (3/15)

Altars:
Cheibriados
Okawaru
Vehumet
Xom

Annotations:
D:3 Ijyb


Message History

Press: ? - help, Q - select action, (/) - cycle Shift-Dir - straight line, f - Ijyb
Aim: Ijyb, wielding a +0 club, wearing a +0 leather armour and carrying a wand of light (8) (asleep, 100% to hit)
The magic dart hits Ijyb but does no damage.
Ijyb shouts!
Aiming: Magic Dart (safe; 1% risk of failure)
Press: ? - help, Q - select action, (/) - cycle Shift-Dir - straight line, f/p - Ijyb
Aim: Ijyb, wielding a +0 club, wearing a +0 leather armour and carrying a wand of light (8) (100% to hit)
The magic dart hits Ijyb.
Ijyb is lightly wounded.
Aiming: Magic Dart (safe; 1% risk of failure)
Press: ? - help, Q - select action, (/) - cycle Shift-Dir - straight line, f/p - Ijyb
Aim: Ijyb, wielding a +0 club, wearing a +0 leather armour and carrying a wand of light (8) (lightly wounded, 100% to hit)
The magic dart hits Ijyb.
Ijyb is moderately wounded.
You can't go up here!
Casting: Magic Dart (safe; 1% risk of failure)
Confirm with . or Enter, or press ? or * to list all spells.
Aiming: Searing Ray (safe; 1% risk of failure)
Press: ? - help, Shift-Dir - straight line, f/p - Ijyb
Aim: Ijyb, wielding a +0 club, wearing a +0 leather armour and carrying a wand of light (8) (moderately wounded, 74% to hit)
The searing ray hits Ijyb!
Ijyb is almost dead. (Press . to maintain the ray.) Ijyb zaps a wand.
The bolt of light hits you!!
You are confused.
Ouch! That really hurt!
* * * LOW HITPOINT WARNING * * *
You feel less confused.
Casting: Searing Ray (safe; 1% risk of failure)
Confirm with . or Enter, or press ? or * to list all spells.
Aiming: Searing Ray (safe; 1% risk of failure)
Press: ? - help, Shift-Dir - straight line, f/p - Ijyb
Aim: Ijyb, wielding a +0 club, wearing a +0 leather armour and carrying a wand of light (7) (almost dead, 74% to hit)
The searing ray hits Ijyb but does no damage.
Ijyb is almost dead. (Press . to maintain the ray.) Ijyb zaps a wand.
The bolt of light hits you!!
You are confused.
Ouch! That really hurt!
You die...

... #. # ... .#..#. ###
....#. ......###
......... # ........
.......# # .......
.###..#.####.# # ......
......g@.....##. #....
...##..##.##..... ...)
....#............ ...
#####...........### .#
..#####...#####.####..#
#.# #.'....._.....'.##
#..# #.#
..#####...#####..# #..#
#.#
......#####......###..#
#.#
......................#
..###


You could see Ijyb.

Vanquished Creatures
  Natasha (D:3)
  An adder (D:2)
  4 endoplasms
  2 giant cockroaches (D:1)
  7 goblins
  A hobgoblin (D:2)
  3 jackals (D:2)
  7 bats
  3 frilled lizards
  10 kobolds
  6 rats
45 creatures vanquished.

Notes
Turn   | Place    | Note
-------+----------+-------------------------------------------
     0 | D:1      | aaranaf the Deep Elf Conjurer began the quest for the Orb.
     0 | D:1      | Reached XP level 1. HP: 10/10 MP: 6/6
   218 | D:1      | Found a faded altar of an unknown god.
   357 | D:1      | Reached XP level 2. HP: 15/15 MP: 6/8
  1157 | D:2      | Learned a level 2 spell: Searing Ray
  1478 | D:2      | Reached XP level 3. HP: 19/19 MP: 5/10
  2018 | D:2      | Reached skill level 5 in Conjurations
  2333 | D:3      | Found a shimmering altar of Xom.
  2333 | D:3      | Found a snail-covered altar of Cheibriados.
  2333 | D:3      | Found an iron altar of Okawaru.
  2557 | D:3      | Noticed Natasha
  2563 | D:3      | Killed Natasha
  2564 | D:3      | Reached XP level 4. HP: 24/24 MP: 12/12
  2636 | D:3      | Learned a level 4 spell: Iskenderun's Mystic Blast
  2675 | D:3      | Found a radiant altar of Vehumet.
  2688 | D:3      | Became a worshipper of Vehumet
  2696 | D:3      | Noticed Ijyb
  2713 | D:3      | Killed from afar by Ijyb

Illustrated notes

Levels and vault maps discovered:
D:1:      sevenhm_arrival_forest_fort_small_3, layout_loops_ring,
          ebering_ecumenical_altar_mist
D:2:      layout_basic, minmay_between
D:3:      layout_basic, gammafunk_temple_overflow_forgotten,
          mainiacjoe_overflow_surrounded_room, serial_shops, shop,
          hangedman_decor_clover_reticule, uniq_ijyb, uniq_natasha

Skill      XL: |  1  2  3 |
---------------+----------+-----
Stealth        | 3 |  3.0
Dodging        | 3 |  3.0
Spellcasting   | 4 |  4.4
Conjurations   | 5 |  5.2

Action                     |  1- 3 |  4- 6 || total
---------------------------+-------+-------++-------
  Melee: Dagger            |   117 |       ||   117
         Punch             |     5 |       ||     5
   Cast: Magic Dart        |    70 |     3 ||    73
         Searing Ray       |     4 |     2 ||     6
 Armour: Robe              |     2 |       ||     2
  Dodge: Dodged            |     7 |       ||     7
